 Dungeon Sprint DCSS version 0.30-a0-672-gc3a7216ad8 (webtiles) character file.

Game seed: 14777732252559337699

0 rocky1 the Poker (level 3, 0/35 HPs)
             Began as a Minotaur Fighter on Jan 19, 2023.
             Was an Initiate of Gozag.
             Succumbed to Sigmund's poison
             ... in the Dungeon (Sprint VI: "Thunderdome").
             The game lasted 00:02:39 (181 turns).

rocky1 the Poker (Minotaur Fighter)                  Turns: 181, Time: 00:02:40

Health: 0/35       AC: 11    Str: 22    XL:     3   Next: 66%
Magic:  2/2        EV: 10    Int:  5    God:    Gozag
Gold:   65         SH:  0    Dex:  9    Spells: 2/2 levels left

rFire   + . .      SeeInvis .    a - +0 trident
rCold   . . .      Faith    .    c - +0 buckler
rNeg    . . .      Spirit   .    b - +0 scale mail
rPois   .          Reflect  .    (helmet restricted)
rElec   .          Harm     .    (no cloak)
rCorr   .          Rampage  .    (no gloves)
Will    .....      NoTele   +    (no boots) Stlth
                                 (no amulet)
HPRegen 0.25/turn                p - ring of the Histrionic God {rF+ AC+4}
MPRegen 0.08/turn                (no ring)

@: confused, lethally poisoned (0 -> -6)
A: horns 2, retaliatory headbutt
a: Renounce Religion, Potion Petition, Call Merchant, Bribe Branch


You were in the Dungeon.
You worshipped Gozag.
Gozag was noncommittal.
You visited 1 branch You collected 200 gold pieces.
You spent 135 gold pieces at shops.

Inventory:

Hand Weapons
 a - a +0 trident (weapon)
Armour
 b - a +0 scale mail (worn)
 c - a +0 buckler (worn)
Jewellery
 o - the ring of Vismalop {Wiz Will- Dex+3 Slay+2}
   (You bought it in a shop in the Dungeon)

   [ring of wizardry]

   It improves your spell success rate.
   Dex:       It affects your dexterity (+3).
   Slay:      It affects your accuracy & damage with ranged weapons and melee
   (+2).
   Will:      It decreases your willpower.
 p - the ring of the Histrionic God (left hand) {rF+ AC+4}
   (You bought it in a shop in the Dungeon)

   [ring of protection]

   AC:        It affects your AC (+4).
   rF:        It protects you from fire.
 q - the amulet "Vemaw" {Faith Harm rF- Dex+5}
   (You bought it in a shop in the Dungeon)

   [amulet of faith]

   It allows you to gain divine favour quickly.
   Dex:       It affects your dexterity (+5).
   rF:        It makes you vulnerable to fire.
   Harm:      It increases damage dealt and taken.
Wands
 l - a wand of light (5)
 m - a wand of iceblast (5)
Scrolls
 j - 4 scrolls of blinking
 n - 3 scrolls of fog
Potions
 d - a potion of might
 f - 4 potions of heal wounds
 g - 4 potions of haste
 h - 2 potions of magic
 i - a potion of berserk rage
 k - a potion of resistance


   Skills:
 + Level 4.9 Fighting
 * Level 5.2 Polearms
 + Level 4.8 Armour
 + Level 2.6 Dodging
 + Level 4.8 Shields
 + Level 2.2 Evocations


You had 2 spell levels left.
You didn't know any spells.
Your spell library was empty.

Dungeon Overview and Level Annotations

Branches:
Dungeon (1/1)

Altars:
Cheibriados
Dithmenos
Fedhas
Gozag
Kikubaaqudgha
Makhleb
Okawaru
Qazlal
Ru
Sif Muna
Trog
Uskayaw
Vehumet
Wu Jian
Xom
Yredelemnul
Zin
The Shining One
Lugonu

Shops:
D *[??*?*:[((!!!!

Annotations:
D Sigmund


Innate Abilities, Weirdness & Mutations

You have a pair of horns on your head.
You reflexively headbutt those who attack you in melee.


Message History

Sigmund flickers and vanishes!
Deactivating autopickup; reactivate with Ctrl-A.
There is a spawn point here. 20...
Something hits you but does no damage.
You are poisoned.
You feel sick. Something hits you!
You are more poisoned.
You feel very sick.
There is an opulent altar of Gozag here.
You kneel at the altar of Gozag.
Gozag welcomes you!
Gozag waives the service fee.
You feel very sick.
Something hits you but does no damage. 15...
You feel sick. You block something's attack.
You barely miss something.
You feel very sick.
You puncture something! Your headbutt misses something.
You feel sick.
You hear some strange, mumbled words.
A puff of flame appears from out of thin air!
The puff of flame hits you! You resist.
* * * LOW HITPOINT WARNING * * *
You puncture something!
* * * LOW HITPOINT WARNING * * *
You feel sick. You block something's attack.
You feel better.
You hear some strange, mumbled words.
You are confused. 10...
A magic dart appears from out of thin air!
The magic dart hits you. Something hits you!
* * * LOW HITPOINT WARNING * * *
You are lethally poisoned!
* * * LOW HITPOINT WARNING * * *
You feel very sick.
You die...
Your body crumbles into a pile of gold.

##### ##⌠⌠⌠## #.....# ##.....##
##∩.....∩## #∩.......∩#
#_......._# #_...)..._#
#.{@..).._# ###.........###
#⌠.......†...⌠#
######.8.........8.######
##.___......###......___∩##
###∩........8.# #.8........∩##
##.............###.............
#⌠..........###...###..........
#⌠..........# #.<.# #..........


There were no monsters in sight!

Vanquished Creatures
  Jessica (D)
  An iguana (D)
  A goblin (D)
  A quokka (D)
  A rat (D)
5 creatures vanquished.

Notes
Turn   | Place    | Note
-------+----------+-------------------------------------------
     0 | D        | rocky1 the Minotaur Fighter began the quest for the Orb.
     0 | D        | Reached XP level 1. HP: 19/19 MP: 0/0
     1 | D        | Found a blossoming altar of Fedhas.
     1 | D        | Found a corrupted altar of Lugonu.
     2 | D        | Found a burning altar of Makhleb.
     2 | D        | Found a shadowy altar of Dithmenos.
     3 | D        | Found an ancient bone altar of Kikubaaqudgha.
     3 | D        | Found an iron altar of Okawaru.
     4 | D        | Found an opulent altar of Gozag.
     4 | D        | Found Otaqaem's Staff Store.
     4 | D        | Found Yreh's Magic Scroll Shop.
     5 | D        | Found a bloodstained altar of Trog.
     5 | D        | Found Distumm's Must-Have Magic.
     5 | D        | Found Weompum's Magic Scroll Shop.
     5 | D        | Round 1.
    22 | D        | Noticed Jessica
    23 | D        | Found a hide-covered altar of Uskayaw.
    27 | D        | Killed Jessica
    28 | D        | Reached skill level 4 in Polearms
    28 | D        | Reached skill level 1 in Evocations
    28 | D        | Reached XP level 2. HP: 28/28 MP: 1/1
    40 | D        | Reached skill level 5 in Polearms
    40 | D        | Reached XP level 3. HP: 21/35 MP: 2/2
    87 | D        | Found Nenasheo's Distillery.
    93 | D        | Found Kuagosum's Distillery.
    93 | D        | Found Pasalu's Bottled Wisdom.
    96 | D        | Found a stormy altar of Qazlal.
    96 | D        | Found a basalt altar of Yredelemnul.
    96 | D        | Found a snail-covered altar of Cheibriados.
    96 | D        | Found Siomewn's Do-It-Yourself Clinic.
   114 | D        | Found a shimmering altar of Xom.
   116 | D        | Found an ornate altar of the Wu Jian Council.
   121 | D        | Found Zasemepp's Weapon Rack.
   122 | D        | Found a glowing silver altar of Zin.
   122 | D        | Found Latiaf's Premium Goods.
   122 | D        | Found Dugaak's Basic Armour.
   122 | D        | Found Ciskys's Miscellaneous Merchandise.
   138 | D        | Found a glowing golden altar of the Shining One.
   142 | D        | Found a sacrificial altar of Ru.
   142 | D        | Found Voatz's Identification Station.
   142 | D        | Found Cieloith's Advanced Armour.
   143 | D        | Found Nekiak's Jewellery.
   149 | D        | Found a radiant altar of Vehumet.
   149 | D        | Found a shimmering blue altar of Sif Muna.
   157 | D        | Bought a transparent amber ring for 45 gold pieces
   157 | D        | Identified the ring of Vismalop {Wiz Will- Dex+3 Slay+2}
                  | (You bought it in a shop in the Dungeon)
   157 | D        | Bought a wavering turquoise ring for 45 gold pieces
   157 | D        | Identified the ring of the Histrionic God {rF+ AC+4} (You
                  | bought it in a shop in the Dungeon)
   157 | D        | Bought a crude emerald amulet for 45 gold pieces
   157 | D        | Identified the amulet "Vemaw" {Faith Harm rF- Dex+5} (You
                  | bought it in a shop in the Dungeon)
   164 | D        | Noticed Sigmund
   172 | D        | Became a worshipper of Gozag Ym Sagoz the Greedy
   180 | D        | HP: 1/35 [poisoned by Sigmund]
   181 | D        | Succumbed to Sigmund's poison

Illustrated notes

Levels and vault maps discovered:
D:        arena_sprint

Skill      XL: |  1  2 |
---------------+-------+-----
Fighting       | 4 |  4.9
Polearms       | 4 5 |  5.2
Armour         | 4 |  4.8
Dodging        | 2 |  2.6
Shields        | 4 |  4.8
Evocations     | 1 2 |  2.2

Action                   || total
-------------------------++-------
Melee: Trident           ||    23
       Headbutt          ||     1
  Use: Potion            ||     1
Armor: Scale mail        ||     8
Dodge: Dodged            ||     7
Block: Buckler           ||     3

Table legend: (Time is in decaauts)
 A = Elapsed time spent in this place.
 B = Non-inter-level travel time spent in this place.
 C = Inter-level travel time spent in this place.
 D = Time resting spent in this place.
 E = Time spent auto-exploring this place.
 F = Levels seen in this place.
 G = Mean time per level.
                   A        B        C        D        E       F      G
               +--------+--------+--------+--------+--------+-----+--------+
         Total |    183 |    183 |      0 |     45 |     43 |   1 |  183.0 |
       Dungeon |    183 |    183 |      0 |     45 |     43 |   1 |  183.0 |
               +--------+--------+--------+--------+--------+-----+--------+

Top non-repeatable levels by time:
       D: 183 daAuts
